Map: Frost LE

Players

Fropez - Winner!

  • Race: Protoss Protoss
  • League: Gold
  • Spawn Location: 11:00

dVnt

  • Race: Protoss Protoss
  • League: Gold
  • Spawn Location: 5:00

VOD

Have the link to the VOD?

Description

Time

  • Played on: Oct. 26, 2016, 4:18 p.m.
  • Length: 10:42
Show
View Real Time Build Order
Export as new Build Order

Fropez Protoss - Winner!

Build Orders:  

Get SALT Encoding   

  12  0:02  Probe (Chrono Boost)  
  13  0:14  Pylon  
  13  0:18  Probe (Chrono Boost)  
  14  0:29  Probe (Chrono Boost), Assimilator  
  15  0:39  Gateway  
  15  0:44  Probe (Chrono Boost)  
  16  0:54  Probe (Chrono Boost)  
  17  1:05  Probe (Chrono Boost)  
  17  1:06  Gateway  
  18  1:16  Probe (Chrono Boost)  
  19  1:19  Assimilator  
  19  1:25  Pylon  
  19  1:26  Probe (Chrono Boost)  
  20  1:37  Probe (Chrono Boost)  
  21  1:47  Probe (Chrono Boost)  
  21  1:50  Cybernetics Core  
  22  1:58  Probe (Chrono Boost)  
  24  2:08  Pylon, Probe (Chrono Boost)  
  24  2:09  Pylon  
  24  2:15  Pylon  
  24  2:26  Mothership Core (Chrono Boost)  
  24  2:27  Warp Gate (Chrono Boost)  
  26  2:37  Forge  
  26  2:47  Stalker  
  26  2:50  Stalker  
  30  3:12  Photon Cannon  
  30  3:13  Protoss Ground Weapons Level 1 (Chrono Boost)  
  30  3:32  Probe  
  31  3:40  Pylon  
  31  3:50  Photon Cannon  
  31  3:52  Photon Cannon  
  31  3:58  Probe, Stalker x2  
  36  4:10  Probe  
  36  4:16  Pylon  
  37  4:22  Probe  
  38  4:24  Robotics Facility  
  38  4:28  Pylon  
  38  4:43  Probe  
  39  4:55  Probe, Protoss Ground Armor Level 1 (Chrono Boost)  
  40  5:08  Nexus  
  40  5:10  Pylon  
  40  5:16  Pylon  
  40  5:21  Probe  
  41  5:34  Probe  
  42  5:39  Photon Cannon  
  42  5:42  Stalker  
  42  5:43  Stalker  
  42  5:46  Probe  
  43  6:03  Probe  
  44  6:11  Stalker x2  
  48  6:15  Probe  
  49  6:33  Gateway  
  49  6:38  Protoss Shields Level 1 (Chrono Boost), Probe  
  49  6:39  Probe  
  50  6:41  Gateway  
  51  6:54  Photon Cannon  
  51  6:55  Probe  
  51  6:56  Probe, Photon Cannon  
  53  7:03  Immortal (Chrono Boost)  
  57  7:14  Probe  
  58  7:17  Assimilator  
  58  7:25  Probe  
  59  7:31  Twilight Council  
  59  7:33  Stalker x2  
  59  7:35  Sentry  
  65  7:55  Immortal (Chrono Boost)  
  69  8:02  Stalker x2  
  69  8:03  Stalker  
  71  8:26  Stalker x3  
  71  8:27  Stalker  
  79  8:45  Probe x2  
  81  8:57  Probe  
  81  9:00  Assimilator  
  78  9:28  Probe x2  
  78  9:37  Stalker  
  78  9:45  Pylon  
  76  9:48  Pylon  
  76  9:50  Probe  
  75  9:53  Pylon  
  75  10:14  Stalker x3  
  75  10:15  Stalker  
  83  10:27  Probe  
  83  10:28  Probe  
  85  10:30  Gateway  
Show
View Real Time Build Order
Export as new Build Order

dVnt Protoss 

Build Orders:  

Get SALT Encoding   

  12  0:03  Probe (Chrono Boost)  
  13  0:14  Probe (Chrono Boost)  
  14  0:22  Pylon  
  14  0:25  Probe (Chrono Boost)  
  15  0:40  Probe (Chrono Boost), Forge  
  16  0:56  Probe (Chrono Boost)  
  17  1:01  Assimilator  
  17  1:06  Probe (Chrono Boost)  
  18  1:12  Gateway  
  18  1:21  Probe (Chrono Boost)  
  19  1:44  Pylon  
  19  1:46  Pylon  
  19  2:05  Photon Cannon  
  19  2:07  Photon Cannon  
  19  2:15  Photon Cannon  
  19  2:17  Pylon  
  19  2:21  Pylon  
  19  2:31  Zealot  
  19  2:36  Cybernetics Core  
  21  2:42  Photon Cannon  
  21  2:44  Photon Cannon  
  21  2:51  Probe (Chrono Boost)  
  22  3:00  Photon Cannon  
  22  3:12  Pylon  
  22  3:16  Warp Gate (Chrono Boost)  
  22  3:27  Gateway  
  22  3:36  Photon Cannon  
  22  3:40  Photon Cannon  
  22  3:57  Stalker  
  24  4:11  Assimilator  
  24  4:22  Zealot  
  26  4:27  Zealot  
  28  4:51  Photon Cannon  
  30  4:52  Pylon  
  26  5:32  Stalker  
  26  5:33  Stalker  
  28  6:00  Stalker x2  
  32  6:08  Photon Cannon  
  32  6:14  Photon Cannon  
  32  6:15  Photon Cannon  
  30  6:29  Stalker x2  
  32  6:40  Twilight Council, Probe  
  33  6:52  Probe  
  34  6:54  Zealot x2  
  38  7:09  Gateway  
  38  7:11  Gateway  
  38  7:15  Zealot x2  
  42  7:27  Nexus  
  42  7:37  Stalker x2  
  46  7:54  Probe  
  47  8:03  Zealot  
  49  8:26  Stalker x2  
  51  8:37  Charge (Chrono Boost)  
  28  9:11  Probe  
  23  9:20  Probe  
  24  9:28  Stalker  
  24  9:29  Stalker  
  25  9:45  Probe  
  25  9:52  Zealot x4  
  34  10:05  Probe  
  35  10:21  Assimilator  
  35  10:24  Assimilator  
Tags
 
League
GoldGold
Matchup
PvP
Replay Pack
All Mines
Spawn Locations
Cross Positions
Add a new tag
Caveats
  • Supply blocks, unpowered buildings, or Contaminate may cause inaccurate times.
  • Supply counts are checked every 10 seconds.